 Dungeon Crawl Stone Soup version 0.27.1-4-g1640c2035a (webtiles) character file.

Game seed: 6907234817566183863

2134 McKennaii the Spear-Bearer (level 9, -7/69 HPs)
             Began as a Demonspawn Fighter on Nov 12, 2021.
             Mangled by a shadow (18 damage)
             ... on level 7 of the Dungeon.
             The game lasted 00:08:05 (6549 turns).

McKennaii the Spear-Bearer (Demonspawn Fighter)     Turns: 6549, Time: 00:08:05

Health: -7/69      AC: 15    Str: 18    XL:     9   Next: 9%
Magic:  9/9        EV:  8    Int:  9    God:
Gold:   209        SH: 14    Dex: 15    Spells: 8/8 levels left

rFire    + . .     SeeInvis .   f - +3 trident (freeze)
rCold    . . .     Faith    .   c - +0 kite shield
rNeg     . . .     Spirit   .   i - +3 scale mail {rPois}
rPois    +         Reflect  .   (no helmet)
rElec    .         Harm     .   (no cloak)
rCorr    .         Rampage  +   (no gloves)
Will     .....                  r - +0 pair of boots {rampage}
Stlth    ..........             b - amulet of magic regeneration
HPRegen  0.21/turn              k - ring of protection from fire
MPRegen  0.36/turn              (no ring)

@: no status effects
A: hooves 2, icy blue scales 2, foul stench 1, icemail 1, condensation shield,
deformed body, noise suppression
a: no special abilities


You were on level 7 of the Dungeon.
You visited 1 branch of the dungeon, and saw 9 of its levels.
You also visited: Ossuary.

You collected 209 gold pieces.

Inventory:

Hand Weapons
 e - a +3 halberd of freezing
 f - a +3 trident of freezing (weapon)
Missiles
 h - 2 throwing nets (quivered)
Armour
 c - a +0 kite shield (worn)
 i - a +3 scale mail of poison resistance (worn)
 r - a +0 pair of boots of rampaging (worn)
Jewellery
 b - an amulet of magic regeneration (around neck)
 k - a ring of protection from fire (left hand)
Wands
 l - a wand of iceblast (8)
 s - a wand of flame (14)
Scrolls
 o - a scroll of acquirement
 q - 2 scrolls of magic mapping {unknown}
Potions
 a - 2 potions of curing {unknown}
 d - a potion of might
 g - 2 potions of berserk rage {unknown}
 j - 2 potions of brilliance {unknown}
 m - a potion of heal wounds
 n - a potion of attraction {unknown}
 p - a potion of resistance {unknown}


   Skills:
 * Level 5.6 Fighting
 * Level 8.1 Polearms
 + Level 4.7 Armour
 + Level 1.8 Dodging
 + Level 0.3 Stealth
 + Level 5.0 Shields


You had 8 spell levels left.
You didn't know any spells.
Your spell library contained the following spells:

 Spells                   Type           Power      Damage    Failure   Level
 Gell's Gravitas          Tloc           0%         N/A       100%        3
 Teleport Other           Tloc           0%         N/A       100%        3
 Dispersal                Tloc           0%         N/A       100%        6


Dungeon Overview and Level Annotations

Branches:
Dungeon (9/15)            Ossuary (visited)
 Temple: D:4-7         Lair: D:8-11         Orc: D:9-12

Altars:
Nemelex Xobeh
Qazlal

Shops:
D:3 [   D:5 (

Annotations:
D:8 1 runed translucent door, Maggie


Innate Abilities, Weirdness & Mutations

You have hoof-like feet.
You are mostly covered in icy blue scales. (AC +3)
You may rarely emit foul miasma when damaged in melee.
A meltable icy envelope protects you from harm. (AC +4)
A meltable shield of frost defends you. (SH +4)
Armour fits poorly on your strangely shaped body.
You passively dampen the noise of your surroundings.


Message History

The shadow strikes at you from the darkness! x2
Reactivating autopickup.
You hit the shadow.
The shadow is moderately damaged.
The shadow hits you!
You barely miss the shadow.
The shadow is moderately damaged.
You block the shadow's attack.
Your shield and scale mail prevent you from hitting the shadow.
The shadow is moderately damaged.
The shadow hits you.
You hit the shadow.
The shadow is moderately damaged.
You block the shadow's attack.
You hit the shadow.
The shadow is heavily damaged.
The shadow hits you!
You emit a cloud of foul miasma!
You barely miss the shadow.
The shadow is heavily damaged.
The shadow hits you.
You completely miss the shadow.
The shadow is heavily damaged.
The shadow hits you.
You hit the shadow but do no damage.
The shadow is heavily damaged.
The shadow slips into darkness.
The shadow flickers and vanishes!
Deactivating autopickup; reactivate with Ctrl-A.
You closely miss something.
The shadow strikes at you from the darkness!
* * * LOW HITPOINT WARNING * * *
Reactivating autopickup.
You puncture the shadow!
The shadow is almost destroyed.
The shadow slips into darkness.
The shadow flickers and vanishes!
Deactivating autopickup; reactivate with Ctrl-A.
You barely miss something.
The shadow strikes at you from the darkness!
You die...

#..........#.....#
+..........#.....#
#........#+#.#'###
###..........#.#
#..........#.#
#..........#.#
#..........#.#
..........#.#
.......#@# #{# #.#
..# ..# ...# ...#
....#


There were no monsters in sight!

Vanquished Creatures
  A water moccasin (D:8)
  Duvessa (D:4)
  A black bear (D:7)
  An ice beast (D:8)
  An ogre (D:6)
  A necrophage (D:4)
  A centaur (D:5)
  3 phantoms
  A bullfrog (D:6)
  3 scorpions (D:5)
  A gnoll sergeant (D:5)
  Dowan (D:4)
  3 killer bees
  4 wights (D:6)
  3 centaur zombies
  2 human zombies (Ossuary)
  A hound (D:5)
  2 bullfrog skeletons
  2 iguanas
  2 mummies (Ossuary)
  A howler monkey zombie (D:8)
  A howler monkey skeleton (D:2)
  5 adders
  11 gnolls
  2 white imps
  An adder zombie (Ossuary)
  A worm (D:3)
  A dart slug (D:4)
  4 orcs
  4 bats
  6 endoplasms
  3 giant cockroaches
  2 hobgoblins
  3 jackals (D:2)
  6 quokkas
  5 ball pythons
  3 frilled lizards
  4 goblins
  A goblin zombie (Ossuary)
  9 hobgoblin zombies (Ossuary)
  3 jackal zombies (Ossuary)
  4 kobolds
  11 kobold zombies (Ossuary)
  9 orc zombies
  9 rats
144 creatures vanquished.

Vanquished Creatures (others)
  A plant (D:7)
1 creature vanquished.

Grand Total: 145 creatures vanquished

Notes
Turn   | Place    | Note
-------+----------+-------------------------------------------
     0 | D:1      | McKennaii the Demonspawn Fighter began the quest for the
                  | Orb.
     0 | D:1      | Reached XP level 1. HP: 18/18 MP: 1/1
   245 | D:1      | Reached skill level 2 in Polearms
   449 | D:1      | Gained mutation: You may rarely emit foul miasma when
                  | damaged in melee. [demonic ancestry]
   449 | D:1      | Reached XP level 2. HP: 23/24 MP: 2/2
   622 | D:1      | Found a faded altar of an unknown god.
   857 | D:2      | Gained mutation: You are partially covered in icy blue
                  | scales. (AC +2) [demonic ancestry]
   857 | D:2      | Reached XP level 3. HP: 29/29 MP: 3/3
  1113 | D:2      | Reached skill level 3 in Polearms
  1126 | D:2      | Gained mutation: A meltable shield of frost defends you.
                  | (SH +4) [demonic ancestry]
  1126 | D:2      | Reached XP level 4. HP: 11/35 MP: 4/4
  1504 | D:2      | You fall into a shaft and drop 1 floor!
  1942 | D:3      | Found Tatiq's Antique Armour Shop.
  2265 | D:3      | Gained mutation: You have large cloven feet. [demonic
                  | ancestry]
  2265 | D:3      | Reached XP level 5. HP: 8/41 MP: 5/5
  2821 | D:4      | Noticed a necrophage
  2842 | D:4      | Killed a necrophage
  2843 | D:4      | Reached skill level 4 in Polearms
  3072 | D:4      | Found a sparkling altar of Nemelex Xobeh.
  3084 | D:4      | Noticed a phantom
  3090 | D:4      | Reached XP level 6. HP: 31/48 MP: 6/6
  3362 | D:4      | Found a stormy altar of Qazlal.
  3366 | D:4      | Noticed Duvessa
  3366 | D:4      | Noticed Dowan
  3381 | D:4      | Killed Duvessa
  3382 | D:4      | Reached skill level 1 in Dodging
  3432 | D:4      | HP: 2/48 [Dowan/shard of ice (13)]
  3434 | D:4      | Gained mutation: Armour fits poorly on your strangely
                  | shaped body. [potion of mutation]
  3434 | D:4      | Gained mutation: You passively dampen the noise of your
                  | surroundings. [potion of mutation]
  3448 | D:4      | Killed Dowan
  3889 | D:5      | Entered Level 5 of the Dungeon
  3889 | D:5      | Found Kaly's Antique Weapon Emporium.
  3941 | D:5      | Gained mutation: A meltable icy envelope protects you from
                  | harm. (AC +4) [demonic ancestry]
  3941 | D:5      | Reached XP level 7. HP: 54/54 MP: 7/7
  3997 | D:5      | Reached skill level 5 in Polearms
  5156 | D:6      | Reached skill level 6 in Polearms
  5175 | D:6      | Gained mutation: You are mostly covered in icy blue scales.
                  | (AC +3) [demonic ancestry]
  5175 | D:6      | Reached XP level 8. HP: 61/61 MP: 8/8
  5377 | D:6      | Reached skill level 5 in Fighting
  5684 | D:6      | Reached skill level 7 in Polearms
  5785 | D:6      | You fall into a shaft and drop 3 floors!
  5873 | D:8      | Found a runed translucent door.
  5873 | D:8      | Noticed a sixfirhy
  5888 | D:8      | Found a sand-covered staircase.
  5897 | Ossuary  | Entered an ossuary
  6181 | Ossuary  | Identified 2 scrolls of acquirement
  6181 | Ossuary  | Acquired a +0 pair of boots of rampaging
  6199 | D:8      | Noticed Maggie
  6209 | D:7      | Reached skill level 8 in Polearms
  6209 | D:7      | Gained mutation: You have hoof-like feet. [demonic
                  | ancestry]
  6209 | D:7      | Reached XP level 9. HP: 51/68 MP: 9/9
  6479 | D:7      | Reached skill level 5 in Shields
  6549 | D:7      | Mangled by a shadow

Illustrated notes

Levels and vault maps discovered:
D:1:      wander_arrival_fairy_ring, layout_loops_ring,
          chequers_ecumenical_altar_simple_redux
D:2:      layout_basic
D:3:      layout_loops_cross, serial_shops, shop, fountainhead
D:4:      layout_basic, nicolae_overflow_crystal_walls, general_overflow_altar,
          patterned_corridor, uniq_sigmund, uniq_duvessa
D:5:      wander_guarded_unrand_ratskin, layout_basic, serial_shops,
          nicolae_stop_n_shop_1, nicolae_shop_temple_entry_statues_fountains
D:6:      layout_loops_ring, kennysheep_mini, minmay_temple_entry_nine_rooms
D:7:      layout_basic, serial_shops, nicolae_shop_overgrown_old_shop,
          hellmonk_bongcloud_opening
D:8:      cheibrodos_shockbox, layout_cave_pools, xom_butterflies,
          lemuel_tele_altar, enter_ossuary_3, uniq_joseph, uniq_maggie
D:9:      minmay_the_grid_four_pointed_star_mashed
          [minmay_the_grid_triangle_9x9_corruption,
          minmay_the_grid_triangle_9x9_alien,
          minmay_the_grid_triangle_9x9_wacky_v,
          minmay_the_grid_triangle_9x9_zippers_vertical,
          minmay_the_grid_prize_diamond_cup], layout_basic,
          lemuel_blue_sif_altar, minmay_misc_feat_roman

Skill      XL: |  1  2  3  4  5  6  7  8  9 |
---------------+----------------------------+-----
Polearms       | 2 3 4 6 8 |  8.1
Armour         | 3 4 |  4.7
Shields        | 3 4 5 |  5.0
Fighting       | 4 5 |  5.6
Dodging        | 1 |  1.8
Stealth        | |  0.3

Action                   |  1- 3 |  4- 6 |  7- 9 || total
-------------------------+-------+-------+-------++-------
Melee: Trident           |    92 |   167 |   353 ||   612
       Kick              |       |    24 |    88 ||   112
  Use: Potion            |       |     2 |       ||     2
       Scroll            |       |       |     7 ||     7
Armor: Scale mail        |    65 |    43 |   122 ||   230
Dodge: Dodged            |    48 |    46 |    89 ||   183
Block: Kite shield       |    47 |   115 |   243 ||   405
